 Seeded DCSS version 0.30-a0-900-g23479c02f2 (webtiles) character file.

Game seed: 7547814903460644772 (custom seed)

22246 hikkokomori the Nimble (level 12, -10/97 HPs)
             Began as a Merfolk Gladiator on Mar 18, 2023.
             Was a High Priest of Okawaru.
             Mangled by a death yak (20 damage)
             ... on level 3 of the Lair of Beasts.
             The game lasted 00:37:12 (12478 turns).

hikkokomori the Nimble (Merfolk Gladiator)         Turns: 12478, Time: 00:37:13

Health: -10/97     AC: 16    Str: 18    XL:     12   Next: 98%
Magic:  16/18      EV: 24    Int: 15    God:    Okawaru [*****.]
Gold:   886        SH:  8    Dex: 25    Spells: 7/19 levels left

rFire   + . .      SeeInvis +    V - +3 scimitar (flame)
rCold   x . .      Faith    .    j - +0 buckler
rNeg    . . .      Spirit   .    M - +3 ring mail of the Teaching Gods {rF+ Int+4}
rPois   .          Reflect  .    c - +1 helmet
rElec   .          Rampage  .    L - +0 cloak
rCorr   .                        P - +1 pair of gloves of Tartarus {rC- Str+3 Int+3}
Will    .....                    (no boots)
Stlth   ++++++                   (no amulet)
HPRegen 0.36/turn                v - +6 ring of dexterity
MPRegen 0.16/turn                E - ring of see invisible

@: about to teleport, heroic, hasted and slowed
A: (nimble swimmer 2), mertail
a: Renounce Religion, Heroism, Finesse, Duel


You were on level 3 of the Lair of Beasts.
You worshipped Okawaru.
Okawaru was extremely pleased with you.
You visited 3 branches of the dungeon, and saw 13 of its levels.
You also visited: Sewer.

You collected 886 gold pieces.

Inventory:

Hand Weapons
 a - a +1 long sword
 H - a +6 short sword of freezing
 I - a +4 great sword
 V - a +3 scimitar of flaming (weapon)
Missiles
 d - 3 throwing nets (quivered)
 z - a javelin
 G - a curare-tipped dart
 S - an atropa-tipped dart
Armour
 c - a +1 helmet (worn)
 j - a +0 buckler (worn)
 l - a +0 troll leather armour {Pargi}
 w - a +2 leather armour of fire resistance
 y - a +2 robe of fire resistance
 L - a +0 cloak (worn)
 M - the +3 ring mail of the Teaching Gods (worn) {rF+ Int+4}
   (You found it on level 8 of the Dungeon)

   Int:       It affects your intelligence (+4).
   rF:        It protects you from fire.
 P - the +1 pair of gloves of Tartarus (worn) {rC- Str+3 Int+3}
   (You found it on level 9 of the Dungeon)

   Str:       It affects your strength (+3).
   Int:       It affects your intelligence (+3).
   rC:        It makes you vulnerable to cold.
 W - a +1 robe of willpower
Jewellery
 s - a ring of fire
 v - a +6 ring of dexterity (left hand)
 E - a ring of see invisible (right hand)
 Q - a ring of positive energy
Wands
 x - a wand of roots (20)
 A - a wand of mindburst (11)
 C - a wand of paralysis (19)
 D - a wand of flame (29)
 F - a wand of acid (3)
 X - a wand of polymorph (5)
Scrolls
 b - 2 scrolls of enchant armour
 f - a scroll of torment {unknown}
 h - 2 scrolls of magic mapping
 m - 3 scrolls of poison
 p - 3 scrolls of vulnerability
 q - 3 scrolls of teleportation
 J - a scroll of amnesia
 O - a scroll of fog
 U - a scroll of acquirement {unknown}
 Y - a scroll of identify
Potions
 e - 5 potions of mutation
 g - 3 potions of haste
 i - 3 potions of might
 k - 3 potions of cancellation
 n - a potion of degeneration {unknown}
 o - 4 potions of brilliance
 r - 3 potions of berserk rage
 t - a potion of heal wounds
 u - 3 potions of curing {unknown}
 B - 5 potions of flight
 K - 2 potions of lignification
 N - a potion of invisibility {unknown}
 R - 2 potions of attraction {unknown}
 T - a potion of magic {unknown}


   Skills:
 - Level 10.1(15.1) Fighting
 - Level 6.1(13.9) Short Blades
 + Level 10.0(15.8) Long Blades
 - Level 2.0(7.0) Throwing
 - Level 3.5(8.5) Armour
 - Level 10.8(15.8) Dodging
 + Level 9.8(14.8) Stealth
 + Level 5.7(10.7) Shields
 + Level 4.0 Spellcasting
 + Level 4.0 Transmutations
 - Level 5.7 Ice Magic
 - Level 5.7 Invocations
 - Level 6.5 Evocations


You had 7 spell levels left.
You knew the following spells:

 Your Spells              Type           Power      Damage    Failure   Level
a - Ozocubu's Armour      Ice            20%        N/A       10%         3
b - Ozocubu's Refrigerat  Ice            10%        4d9       100%        7
c - Wereblood             Tmut           15%        N/A       10%         2

Your spell library contained the following spells:

 Spells                   Type           Power      Damage    Failure   Level
 Beastly Appendage        Tmut           30%        N/A       7%          1
 Spider Form              Tmut/Pois      9%         N/A       41%         3
 Lesser Beckoning         Tloc           6%         N/A       45%         2
 Ignite Poison            Fire/Tmut/Pois 7%         N/A       52%         3
 Gell's Gravitas          Tloc           3%         N/A       71%         3
 Kindle Blastsparks       Fire/Tloc/Air  6%         2d10      71%         3
 Portal Projectile        Hex/Tloc       6%         N/A       71%         3
 Teleport Other           Tloc           3%         N/A       71%         3
 Leda's Liquefaction      Hex/Erth       1%         N/A       98%         4
 Freezing Cloud           Conj/Ice/Air   4%         6-21      99%         5
 Lee's Rapid Deconstruct  Erth           1%         3d4*      100%        5
 Statue Form              Tmut/Erth      6%         N/A       100%        6
 Call Canine Familiar     Summ           Unusable   N/A       N/A         3

Dungeon Overview and Level Annotations

Branches:
Dungeon (9/15)             Temple (1/1) D:6            Lair (3/5) D:9
 Shoals (0/4) Lair:3       Spider (0/4) Lair:2        Sewer (visited)
    Orc: D:9-12

Altars:
Ashenzari
Cheibriados
Dithmenos
Elyvilon
Fedhas
Gozag
Hepliaklqana
Kikubaaqudgha
Makhleb
Nemelex Xobeh
Okawaru
Qazlal
Ru
Sif Muna
Trog
Uskayaw
Vehumet
Wu Jian
Xom
Yredelemnul
Zin
The Shining One

Annotations:
D:8 3 runed translucent doors, lessens's ghost, novice DgFi


Innate Abilities, Weirdness & Mutations

((You are very nimble when in or above water. (Stealth+, EV+, Speed+++)))
Your lower body shifts to a powerful aquatic tail in water.


Message History

The torpor snail is severely wounded.
The torpor snail barely misses you. The death yak gores you.
You slash the torpor snail! You burn the torpor snail.
The torpor snail is almost dead.
You recover from your berserk rage.
The death yak gores you. The death yak closely misses you.
The death yak gores you!! The torpor snail misses you.
The death yak completely misses you. The death yak gores you!
The death yak completely misses you.
Unknown command.
Okay, then.
Unknown command.
Okay, then.
You feel yourself speed up. The torpor snail misses you.
The death yak barely misses you. x2
The death yak gores you but does no damage.
The death yak attacks as you move away! The death yak misses you.
The death yak gores you. The torpor snail barely misses you.
You hit the torpor snail. You burn the torpor snail.
The torpor snail is almost dead.
The death yak gores you! The death yak gores you. The torpor snail bites you!
* * * LOW HITPOINT WARNING * * *
Unknown command.
As you read the scroll of teleportation, it crumbles to dust.
You feel strangely unstable.
The death yak gores you but does no damage.
The death yak misses you. The death yak completely misses you.
Unknown command.
The death yak attacks as you move away! The death yak gores you.
* * * LOW HITPOINT WARNING * * *
The death yak attacks as you move away! The death yak gores you!!
* * * LOW HITPOINT WARNING * * *
The torpor snail completely misses you.
You feel much better. The death yak misses you. The torpor snail bites you!
* * * LOW HITPOINT WARNING * * *
You gain the combat prowess of a mighty hero.
The death yak completely misses you. The death yak gores you!
* * * LOW HITPOINT WARNING * * *
The death yak gores you!!
You die...

#.# #...... #.##.......
######.....##...
##.#...........>.
#...........)....
#####................
###.#..................
#.............YYw.^....
##............Y@.......
###.....................
#.#.................#...
.................P#.....
..................##....
................### ....
...............# ...
.............#. ..
...........


You could see 3 death yaks and a torpor snail.

Vanquished Creatures
  Gastronok (Lair:3)
  2 hydras
  Erica (Lair:1)
  A boulder beetle (D:9)
  2 two-headed ogres (D:8)
  3 skysharks
  Pikel (D:6)
  A deep elf pyromancer (D:9)
  A manticore (D:9)
  Joseph (D:7)
  Maurice (D:8)
  2 black mambas
  6 cane toads
  A kobold demonologist (D:9)
  4 komodo dragons
  A rime drake (Lair:1)
  Psyche (D:8)
  A polar bear (Lair:2)
  Prince Ribbit (D:8)
  5 blink frogs
  12 yaks
  A steam dragon (Lair:2)
  4 basilisks
  3 wyverns
  Menkaure (D:6)
  Edmund (D:4)
  A vampire mosquito (D:9)
  Duvessa (D:4)
  10 water moccasins
  3 black bears
  2 orc warriors
  An ice beast (D:6)
  Pargi (Sewer)
  A sky beast (D:6)
  5 wolves
  2 centaurs
  2 ogres
  A phantom (D:7)
  2 kobold brigands
  7 bullfrogs
  6 scorpions
  9 wights
  Dowan (D:4)
  3 killer bees (D:8)
  2 howler monkeys (D:8)
  4 hounds
  2 orc priests
  Crazy Yiuf (D:7)
  3 gnoll boudas
  Jessica (D:2)
  An iguana (D:5)
  4 orc wizards
  A sleepcap (D:5)
  Ijyb (D:5)
  Robin (D:4)
  22 gnolls
  5 adders
  3 shadow imps
  An ufetubus (D:5)
  3 worms
  A dart slug (D:6)
  20 orcs
  5 ball pythons
  4 bats
  4 endoplasms
  12 giant cockroaches
  12 hobgoblins
  7 jackals
  5 quokkas
  4 frilled lizards
  16 goblins
  17 kobolds
  5 rats
284 creatures vanquished.

Vanquished Creatures (others)
  A centaur warrior (D:9)
  6 fungi
  3 plants (Lair:2)
  3 toadstools (D:5)
13 creatures vanquished.

Grand Total: 297 creatures vanquished

Notes
Turn   | Place    | Note
-------+----------+-------------------------------------------
     0 | D:1      | hikkokomori the Merfolk Gladiator began the quest for the
                  | Orb.
     0 | D:1      | Reached XP level 1. HP: 16/16 MP: 1/1
    39 | D:1      | Found a faded altar of an unknown god.
   149 | D:1      | Reached XP level 2. HP: 23/23 MP: 2/2
   242 | D:1      | Reached skill level 1 in Stealth
   314 | D:1      | Reached skill level 5 in Fighting
   314 | D:1      | Reached skill level 5 in Stealth
   314 | D:1      | Reached XP level 3. HP: 33/33 MP: 3/3
   315 | D:1      | Reached XP level 4. HP: 43/43 MP: 4/4
   473 | D:1      | Upgraded the game from 0.30-a0-883-g5ad918d77d to
                  | 0.30-a0-900-g23479c02f2
   524 | D:2      | Noticed Jessica
   528 | D:2      | Killed Jessica
   529 | D:2      | Reached XP level 5. HP: 40/48 MP: 5/5
  1392 | D:3      | Reached XP level 6. HP: 28/55 MP: 6/6
  1717 | D:3      | Found an ornate altar of the Wu Jian Council.
  1788 | D:3      | Found a broken altar of Ashenzari.
  1902 | D:4      | Reached skill level 1 in Spellcasting
  2033 | D:4      | Found a glowing drain.
  2037 | Sewer    | Entered a sewer
  2053 | Sewer    | Noticed Pargi
  2064 | Sewer    | Killed Pargi
  2065 | Sewer    | Reached skill level 1 in Armour
  2342 | D:4      | Found a sparkling altar of Nemelex Xobeh.
  2353 | D:4      | Reached XP level 7. HP: 56/60 MP: 9/9
  2569 | D:4      | Noticed Edmund
  2597 | D:4      | Killed Edmund
  2598 | D:4      | Reached skill level 1 in Shields
  2695 | D:4      | Noticed Robin
  2723 | D:4      | Killed Robin
  2732 | D:4      | Noticed Duvessa
  2735 | D:4      | Noticed Dowan
  2741 | D:4      | Killed Duvessa
  2742 | D:4      | Reached XP level 8. HP: 67/67 MP: 11/11
  2763 | D:4      | Killed Dowan
  2998 | D:4      | Found a basalt altar of Yredelemnul.
  3165 | D:4      | Found a burning altar of Makhleb.
  3165 | D:4      | Found a glowing silver altar of Zin.
  3166 | D:4      | Noticed an angel
  3166 | D:4      | Noticed an Executioner
  3366 | D:5      | Entered Level 5 of the Dungeon
  3425 | D:5      | Noticed Ijyb
  3429 | D:5      | Killed Ijyb
  3823 | D:5      | Found an iron altar of Okawaru.
  3828 | D:5      | Found an opulent altar of Gozag.
  3874 | D:5      | Reached skill level 1 in Evocations
  3897 | D:5      | Found a blossoming altar of Fedhas.
  3900 | D:5      | Found an ancient bone altar of Kikubaaqudgha.
  4258 | D:6      | Found a snail-covered altar of Cheibriados.
  4304 | D:6      | Reached XP level 9. HP: 48/72 MP: 13/13
  4343 | D:6      | Found a bloodstained altar of Trog.
  4388 | D:6      | Noticed Pikel
  4391 | D:6      | Killed Pikel
  4555 | D:6      | Noticed Menkaure
  4566 | D:6      | Killed Menkaure
  4636 | D:6      | Reached skill level 5 in Shields
  4691 | D:6      | Found a staircase to the Ecumenical Temple.
  5057 | D:5      | Found a white marble altar of Elyvilon.
  5059 | D:5      | Found a sacrificial altar of Ru.
  5134 | Temple   | Entered the Ecumenical Temple
  5236 | D:5      | Became a worshipper of Warmaster Okawaru
  5340 | D:7      | Reached skill level 1 in Invocations
  5360 | D:7      | Identified the +1 scale mail "Vablited" {rN+++ Int-4 Dex-2
                  | Slay+3}
  5509 | D:7      | Reached * piety under Okawaru
  5633 | D:7      | Noticed Joseph
  5638 | D:7      | Killed Joseph
  5639 | D:7      | Reached skill level 1 in Short Blades
  5639 | D:7      | Reached XP level 10. HP: 80/80 MP: 14/14
  5684 | D:7      | Found a runed translucent door.
  5685 | D:7      | Noticed Crazy Yiuf
  6020 | D:7      | Found a faded altar of an unknown god.
  6020 | D:7      | Found a faded altar of an unknown god.
  6022 | D:7      | Found a hazy altar of Hepliaklqana.
  6119 | D:7      | Killed Crazy Yiuf
  6444 | D:8      | Identified the +3 ring mail of the Teaching Gods {rF+
                  | Int+4}
  6452 | D:8      | Noticed a two-headed ogre
  6500 | D:8      | Learned a level 3 spell: Ozocubu's Armour
  6516 | D:8      | Killed a two-headed ogre
  6516 | D:8      | Reached ** piety under Okawaru
  6517 | D:8      | Reached skill level 1 in Ice Magic
  6581 | D:8      | Noticed Prince Ribbit
  6596 | D:8      | Killed Prince Ribbit
  6664 | D:8      | Noticed Maurice
  6670 | D:8      | Paralysed by Maurice for 4 turns
  6676 | D:8      | Killed Maurice
  6677 | D:8      | Reached skill level 5 in Evocations
  6677 | D:8      | Noticed Psyche
  6687 | D:8      | Killed Psyche
  6757 | D:8      | Noticed a two-headed ogre
  6758 | D:8      | Reached skill level 10 in Dodging
  6762 | D:8      | Reached *** piety under Okawaru
  6786 | D:8      | Killed a two-headed ogre
  6835 | D:8      | Found a runed translucent gate.
  6836 | D:8      | Found a runed translucent gate.
  6837 | D:8      | Found a runed translucent gate.
  6838 | D:8      | Noticed lessens's ghost (novice DgFi)
  6847 | D:8      | Noticed a two-headed ogre
  7096 | D:8      | Reached XP level 11. HP: 80/87 MP: 15/15
  7442 | D:9      | Found a staircase to the Lair.
  7776 | D:9      | Reached **** piety under Okawaru
  8126 | D:9      | Noticed a manticore
  8127 | D:9      | Noticed a deep elf pyromancer
  8127 | D:9      | Noticed a boulder beetle
  8128 | D:9      | Noticed a centaur warrior
  8139 | D:9      | Killed a manticore
  8140 | D:9      | Reached skill level 5 in Short Blades
  8147 | D:9      | Killed a centaur warrior
  8334 | D:9      | Identified the +1 pair of gloves of Tartarus {rC- Str+3
                  | Int+3}
  8462 | D:9      | Killed a deep elf pyromancer
  8500 | D:9      | Killed a boulder beetle
  8501 | D:9      | Reached skill level 5 in Invocations
  8708 | Lair:1   | Entered Level 1 of the Lair of Beasts
  8717 | Lair:1   | Learned a level 7 spell: Ozocubu's Refrigeration
  8886 | Lair:1   | Reached ***** piety under Okawaru
  9614 | Lair:1   | Reached XP level 12. HP: 89/96 MP: 16/16
  9812 | Lair:1   | Noticed Erica
  9825 | Lair:1   | Killed Erica
 10201 | Lair:2   | Reached skill level 5 in Ice Magic
 10341 | Lair:2   | Noticed a skyshark
 10351 | Lair:2   | Noticed a skyshark
 10356 | Lair:2   | Killed a skyshark
 10380 | Lair:2   | Killed a skyshark
 10381 | Lair:2   | Reached skill level 10 in Fighting
 10393 | Lair:2   | Noticed a seven-headed hydra
 10407 | Lair:2   | Killed a two-headed hydra
 10584 | Lair:2   | Learned a level 2 spell: Wereblood
 10637 | Lair:2   | Reached skill level 1 in Transmutations
 11438 | Lair:2   | Found a hole to the Spider Nest.
 12005 | Lair:3   | Found a staircase to the Shoals.
 12051 | Lair:3   | Noticed a seven-headed hydra
 12062 | Lair:3   | Killed a two-headed hydra
 12062 | Lair:3   | Received a gift from Okawaru
 12368 | Lair:3   | Noticed Gastronok
 12372 | Lair:3   | Noticed a skyshark
 12379 | Lair:3   | Killed a skyshark
 12430 | Lair:3   | Killed Gastronok
 12431 | Lair:3   | Reached skill level 10 in Long Blades
 12463 | Lair:3   | Noticed a death yak
 12464 | Lair:3   | Noticed a death yak
 12466 | Lair:3   | Noticed a death yak
 12476 | Lair:3   | HP: 2/97 [death yak (20)]
 12478 | Lair:3   | Mangled by a death yak

Illustrated notes

Levels and vault maps discovered:
D:1:      lordsloth_arrival_two_stooges, layout_basic,
          chequers_ecumenical_altar_simple
D:2:      layout_loops_ring, uniq_jessica
D:3:      layout_rooms, ashenzari_conservatory_becter,
          pdpol_wu_jian_five_deadly_venoms, kennysheep_generic_room_14
D:4:      layout_loops_corners, grunt_temple_overflow_order_and_chaos_2,
          kennysheep_mini_moat, nemelex_xobeh_ov_fountains_minmay,
          gup_sewer_entry_spiral, uniq_robin, uniq_edmund, uniq_duvessa
D:5:      layout_basic, grunt_temple_overflow_growth_and_decay,
          nicolae_overflow_hidden_temple, minivault_23,
          minmay_gold_behind_fungi, uniq_ijyb
D:6:      layout_cave_pods, mainiacjoe_overflow_catwalk, kennysheep_slug_shrine,
          minmay_temple_entry_grid, uniq_menkaure, uniq_pikel
D:7:      lemuel_ice_spiral_2, layout_basic,
          nicolae_hepliaklqana_ecumenical_no_more, lightli_corner_chamber,
          uniq_crazy_yiuf_cottage, uniq_joseph
D:8:      layout_cave_pools, ebering_ghost_rock_garden,
          nicolae_fountain_basement, uniq_psyche, uniq_prince_ribbit1,
          uniq_maurice
D:9:      minmay_bloctagon_deflated, layout_stronghold, dpeg_oklobed_lair,
          serial_column_ruins, column_ruins_hut, column_ruins_hut_ruined,
          column_ruins_corridor_straight, column_ruins_open_tiny,
          column_ruins_corridor_plus, column_ruins_columns_corner
Temple:   nicolae_temple_great_sept
Lair:1:   layout_cave_pods, beast_lair_carwin_3, uniq_erica
Lair:2:   nzn_winding_woodlands_medium [nzn_winding_woodlands_5x5_closed_star,
          nzn_winding_woodlands_5x15_sidewinder,
          nzn_winding_woodlands_hourglass, nzn_winding_woodlands_5x5_default,
          nzn_winding_woodlands_center_garden,
          nzn_winding_woodlands_5x5_perimeter,
          nzn_winding_woodlands_5x5_open_star,
          nzn_winding_woodlands_5x15_crooked,
          nzn_winding_woodlands_5x5_default], layout_chaotic_city,
          nicolae_spider_entry_non_spiders, lemuel_fruit_tree
Lair:3:   layout_hall_layers, elwin_shoals_entry_rooms, serial_bayou_shore_b,
          uniq_gastronok

Skill      XL: |  1  2  3  4  5  6  7  8  9 10 11 12 |
---------------+-------------------------------------+-----
Stealth        | 5 7 8 9 |  9.8
Fighting       | 5 7 8 9 10 | 10.1
Long Blades    | 6 8 10 | 10.0
Dodging        | 7 9 10 | 10.8
Spellcasting   | 1 2 4 |  4.0
Armour         | 1 2 3 |  3.5
Shields        | 2 3 5 |  5.7
Evocations     | 2 4 5 6 |  6.5
Invocations    | 1 3 5 |  5.7
Short Blades   | 1 4 6 |  6.1
Ice Magic      | 2 4 5 |  5.7
Transmutations | 4 |  4.0
Throwing       | |  2.0

Action                     |  1- 3 |  4- 6 |  7- 9 | 10-12 || total
---------------------------+-------+-------+-------+-------++-------
  Melee: Long sword        |    40 |   150 |   270 |       ||   460
         Punch             |       |     4 |     1 |       ||     5
         Short sword       |       |       |    22 |   450 ||   472
         Scimitar          |       |       |       |   171 ||   171
  Throw: Javelin           |       |       |     2 |       ||     2
         Throwing net      |       |       |     1 |     7 ||     8
         Dart              |       |       |       |     1 ||     1
   Cast: Ozocubu's Armour  |       |       |       |     6 ||     6
 Invoke: Heroism           |       |       |       |     7 ||     7
  Evoke: Wand              |       |       |     4 |    16 ||    20
    Use: Potion            |     2 |       |       |     3 ||     5
         Scroll            |       |     8 |     4 |    10 ||    22
   Stab: Sleeping          |       |    17 |    20 |    17 ||    54
         Held in net/web   |       |       |     1 |     7 ||     8
         Distracted        |       |       |     1 |     1 ||     2
         Paralysed         |       |       |     2 |     6 ||     8
 Armour: Leather armour    |    17 |    23 |       |       ||    40
         Troll leather arm |       |     3 |    25 |     6 ||    34
         Ring mail         |       |       |       |    97 ||    97
  Dodge: Dodged            |    37 |   144 |   180 |   354 ||   715
  Block: Buckler           |       |       |    31 |   154 ||   185

Table legend: (Time is in decaauts)
 A = Elapsed time spent in this place.
 B = Non-inter-level travel time spent in this place.
 C = Inter-level travel time spent in this place.
 D = Time resting spent in this place.
 E = Time spent auto-exploring this place.
 F = Levels seen in this place.
 G = Mean time per level.
                   A        B        C        D        E       F      G
               +--------+--------+--------+--------+--------+-----+--------+
         Total |  12275 |  11713 |    562 |    723 |   8352 |  14 |  876.8 |
       Dungeon |   8344 |   7810 |    534 |    414 |   5427 |   9 |  927.1 |
        Temple |     82 |     69 |     13 |      0 |     62 |   1 |   82.0 |
          Lair |   3709 |   3696 |     13 |    309 |   2768 |   3 | 1236.3 |
         Sewer |    138 |    138 |      0 |      0 |     94 |   1 |  138.0 |
               +--------+--------+--------+--------+--------+-----+--------+

Top non-repeatable levels by time:
  Lair:2: 1755 daAuts
     D:9: 1578 daAuts
  Lair:1: 1337 daAuts
     D:4: 1300 daAuts
     D:7: 1059 daAuts
     D:5: 1012 daAuts
     D:6: 834 daAuts
     D:2: 730 daAuts
     D:8: 668 daAuts
     D:3: 628 daAuts
  Lair:3: 617 daAuts
     D:1: 530 daAuts
   Sewer: 138 daAuts
  Temple: 82 daAuts
